 Dungeon Crawl Stone Soup version 0.17-a0-2220-g6fea741 (webtiles) character file.

23 Ijustatesigmund the Sneak (level 3, -1/21 HPs)
             Began as an Octopode Wizard on Oct 28, 2015.
             Slain by an adder (5 damage)
             ... on level 1 of the Dungeon.
             The game lasted 00:03:10 (1020 turns).

Ijustatesigmund the Sneak (Octopode Wizard)         Turns: 1020, Time: 00:03:10

Health: -1/21      AC:  1    Str:  6    XL:     3   Next: 0%
Magic:  0/7        EV: 12    Int: 21    God:
Gold:   38         SH:  0    Dex: 10    Spells: 3 memorised, 3 levels left

rFire  . . .     SeeInvis .     (no weapon)
rCold  . . .     Clarity  .     (no shield)
rNeg   . . .     SustAt   .     a - +0 hat
rPois  .         Gourm    .     (no amulet)
rElec  .         Spirit   .     d - ring of teleportation
rCorr  .         Warding  .     (no ring)
rMut   .         Rnd*Tele +     (no ring)
MR     .....                    (no ring)
Stlth  +++.......               (no ring)
                                (no ring)
                                (no ring)
                                (no ring)

@: lethally poisoned (-1 -> -15), very slightly contaminated, repel missiles,
not resistant to hostile enchantments, fairly stealthy
A: almost no armour, amphibious, 8 rings, constrict 8, camouflage 1, gelatinous
body 1
a: Evoke Teleportation


You were on level 1 of the Dungeon.
You were not hungry.

You visited 1 branch of the dungeon, and saw 2 of its levels.

You collected 38 gold pieces.

Inventory:

Armour
 a - a +0 hat (worn)
Jewellery
 d - a ring of teleportation (left tentacle)
Scrolls
 h - a scroll of identify {unknown}
 i - 2 scrolls of remove curse
Potions
 e - 2 potions of lignification {unknown}
 f - a potion of haste {unknown}
 g - a potion of degeneration {unknown}
Books
 b - a book of Minor Magic

   Spells                             Type                      Level
   a - Magic Dart                     Conjuration                  1
   b - Blink                          Translocation                2
   c - Call Imp                       Summoning                    2
   d - Repel Missiles                 Charms/Air                   2
   e - Slow                           Hexes                        2
   f - Conjure Flame                  Conjuration/Fire             3
   g - Mephitic Cloud                 Conjuration/Poison/Air       3
Comestibles
 c - 2 bread rations


   Skills:
 - Level 2.0 Dodging
 + Level 3.6 Stealth
 - Level 3.0 Spellcasting
 + Level 2.2 Conjurations
   Level 1.0 Summonings
 - Level 1.0 Translocations


You had 3 spell levels left.
You knew the following spells:

 Your Spells              Type           Power        Failure   Level  Hunger
a - Magic Dart            Conj           ##..         8%          1    None
b - Blink                 Tloc           N/A          14%         2    ##.....
c - Repel Missiles        Chrm/Air       #.....       21%         2    ##.....


Dungeon Overview and Level Annotations

Branches:
Dungeon (2/15)

Altars:


Innate Abilities, Weirdness & Mutations

You cannot wear most types of armour.
You are amphibious.
You can wear up to eight rings at the same time.
You can use your tentacles to constrict eight enemies at once.
Your skin changes colour to match your surroundings (Stealth).
Your rubbery body absorbs attacks (AC +1).


Message History

The adder poisons you!
Casting: Magic Dart
Confirm with . or Enter, or press ? or * to list all spells.
Aiming: Magic Dart
Press: ? - help, Shift-Dir - straight line, f/p - adder
Aim: an adder (moderately wounded)
The magic dart hits the adder.
The adder is heavily wounded.
* * * LOW HITPOINT WARNING * * *
You feel sick. The adder barely misses you.
Casting: Magic Dart
Confirm with . or Enter, or press ? or * to list all spells.
Aiming: Magic Dart
Press: ? - help, Shift-Dir - straight line, f/p - adder
Aim: an adder (heavily wounded)
The magic dart hits the adder.
The adder is severely wounded.
* * * LOW HITPOINT WARNING * * *
You feel sick. The adder bites you.
You die...

#.# #(#####.....#####...##..
#.###..#...........#..#.##..
#.....).#....<....#..##.##..
#####>..#.........#..##.###.
#..#...........#..#.###.
#.#####.....#####.......
#......#g..#......#.###.
#.####..#.#..##.#.#.##.#
#......@S#........#.###.
#######....#####....# #.
#..### #.#### #. #.## #.# #.
#.# ##.######.
#.#######.......).
#........#.######.
#########..######.
##........


You could see an adder and a hobgoblin.

Vanquished Creatures
  An ooze (D:1)
  A bat (D:1)
  6 goblins
  5 hobgoblins (D:1)
  A giant gecko (D:1)
  A giant newt (D:1)
  3 rats (D:1)
18 creatures vanquished.

Notes
Turn   | Place    | Note
--------------------------------------------------------------
     0 | D:1      | Ijustatesigmund the Octopode Wizard began the quest for the Orb.
     0 | D:1      | Reached XP level 1. HP: 11/11 MP: 4/4
   274 | D:1      | Reached XP level 2. HP: 13/17 MP: 1/6
   278 | D:1      | Learned a level 2 spell: Blink
   281 | D:1      | Learned a level 2 spell: Repel Missiles
   848 | D:1      | Reached XP level 3. HP: 21/21 MP: 4/7
  1020 | D:1      | Slain by an adder

Vault maps used:
D:1:      scummos_arrival_star
D:2:      hangedman_decor_growths, uniq_jessica, uniq_sigmund, uniq_robin

Action                   || total
-------------------------++-------
Melee: Unarmed           ||     7
 Cast: Magic Dart        ||    41
       Repel Missiles    ||     1
  Use: Scroll            ||     2
